 Dungeon Crawl Stone Soup version 0.17.0 (webtiles) character file.

8105 patrick the Slicer (level 11, -3/74 HPs)
             Began as a Halfling Warper on Nov 16, 2015.
             Was a Priest of Yredelemnul.
             Slain by Maud
             ... wielding a +4 great sword
              (18 damage)
             ... on level 11 of the Dungeon.
             The game lasted 00:30:10 (10628 turns).

patrick the Slicer (Halfling Warper)               Turns: 10628, Time: 00:30:10

Health: -3/74      AC: 10    Str: 14    XL:     11   Next: 49%
Magic:  4/14       EV: 25    Int: 12    God:    Yredelemnul [***...]
Gold:   658        SH: 10    Dex: 23    Spells: 4 memorised, 5 levels left

rFire  + . .     SeeInvis +     a - +5 short sword (venom)
rCold  + . .     Clarity  .     p - +0 leather armour of Nudgh {rPois rF+ Str+3}
rNeg   . . .     SustAt   .     M - +0 shield
rPois  +         Gourm    .     L - +1 hat {SInv}
rElec  .         Spirit   .     E - +0 cloak
rCorr  .         Warding  .     o - +1 pair of gloves
rMut   +         Stasis   .     u - +0 pair of boots
MR     .....                    O - amulet of resist mutation
Stlth  ++++++....               N - ring of protection from cold
                                (no ring)

@: agile, not resistant to hostile enchantments, very stealthy
A: mutation resistance 1, MP-powered wands
a: Recall Undead Slaves, Injury Mirror, Animate Dead, Renounce Religion


You were on level 11 of the Dungeon.
You worshipped Yredelemnul.
Yredelemnul was most pleased with you.
You were not hungry.

You visited 2 branches of the dungeon, and saw 12 of its levels.

You collected 658 gold pieces.

Inventory:

Hand Weapons
 a - a +5 short sword of venom (weapon)
 b - a +0 blowgun
 c - a +2 dagger of venom
 C - the +2 mace "Bingo" {flame, *Contam Str+6 Dex+7}
   (You found it on level 6 of the Dungeon)

   It has been specially enchanted to burn those struck by it, causing extra
   injury to most foes and up to half again as much damage against particularly
   susceptible opponents.
   It affects your strength (+6).
   It affects your dexterity (+7).
   It causes magical contamination when unequipped.
Missiles
 e - 4 tomahawks of dispersal
 j - 516 stones
 q - 48 poisoned needles
 s - 5 tomahawks (quivered)
Armour
 o - a +1 pair of gloves (worn)
 p - the +0 leather armour of Nudgh (worn) {rPois rF+ Str+3}
   (You found it on level 9 of the Dungeon)

   It affects your strength (+3).
   It protects you from fire.
   It protects you from poison.
 u - a +0 pair of boots (worn)
 E - a +0 cloak (worn)
 L - a +1 hat of see invisible (worn)
 M - a +0 shield (worn)
Jewellery
 i - an uncursed ring of teleportation
 k - an uncursed ring of flight
 N - a ring of protection from cold (right hand)
 O - an amulet of resist mutation (around neck)
Wands
 l - a wand of digging (19)
 v - a wand of cold (3)
 A - a wand of draining (0)
 D - a wand of fire (7)
 J - a wand of lightning (3)
Scrolls
 d - 2 scrolls of blinking
 g - a scroll of remove curse
 m - 2 scrolls of teleportation
 B - a scroll of recharging
 H - a scroll of magic mapping
 K - a scroll of immolation
Potions
 n - 5 potions of brilliance
 r - a potion of resistance
 w - 7 potions of curing
 x - a potion of agility
 z - a potion of flight
Books
 y - a book of Spatial Translocations

   Spells                             Type                      Level
   a - Apportation                    Translocation                1
   b - Blink                          Translocation                2
   c - Shroud of Golubria             Charms/Translocation         2
   d - Portal Projectile              Translocation                3
   e - Teleport Other                 Translocation                3
   f - Passage of Golubria            Translocation                4
 G - a book of Cantrips

   Spells                             Type                      Level
   a - Corona                         Hexes                        1
   b - Animate Skeleton               Necromancy                   1
   c - Summon Small Mammal            Summoning                    1
   d - Apportation                    Translocation                1
 I - a book of Fire

   Spells                             Type                      Level
   a - Ignite Poison                  Fire/Transmutation/Poison    3
   b - Fireball                       Conjuration/Fire             5
   c - Bolt of Fire                   Conjuration/Fire             6
   d - Delayed Fireball               Conjuration/Fire             7
   e - Ring of Flames                 Charms/Fire                  7
Comestibles
 f - 9 bread rations
 h - 7 meat rations
 t - 2 royal jellies


   Skills:
 + Level 6.7 Fighting
 + Level 10.0 Short Blades
 - Level 3.1 Throwing
 + Level 7.9 Armour
 + Level 7.9 Dodging
 + Level 8.2 Stealth
 + Level 3.2 Shields
 - Level 1.5 Spellcasting
 - Level 3.2 Translocations
 - Level 5.0 Invocations


You had 5 spell levels left.
You knew the following spells:

 Your Spells              Type           Power        Failure   Level  Hunger
a - Apportation           Tloc           #.........   52%         1    ##.....
b - Blink                 Tloc           N/A          77%         2    ###....
c - Shroud of Golubria    Chrm/Tloc      #.........   96%         2    ###....
d - Teleport Other        Tloc           #.......     97%         3    ####...


Dungeon Overview and Level Annotations

Branches:
Dungeon (11/15)            Temple (1/1) D:4            Lair (0/8) D:10
    Orc (0/4) D:9

Altars:
Ashenzari
Cheibriados
Dithmenos
Elyvilon
Fedhas
Gozag
Kikubaaqudgha
Makhleb
Nemelex Xobeh
Okawaru
Qazlal
Ru
Sif Muna
Trog
Vehumet
Xom
Yredelemnul
Zin
The Shining One

Annotations:
D:11 Maud


Innate Abilities, Weirdness & Mutations

You are small and have problems with some larger weapons.
You are somewhat resistant to further mutation.
You expend magic power (3 MP) to strengthen your wands.


Message History

Maud hits your wight with an enchanted great sword!
Your wight is destroyed!
Evoke which item? (* to show all) (? for menu, Esc to quit)
Zapping:
A - a wand of draining {zapped: 9} (will waste charges)
Press: ? - help, Shift-Dir - straight line, f - Maud
Aim: Maud, wielding an enchanted great sword and wearing a chain mail (heavily wounded, poisoned, lightly drained)
The bolt of negative energy hits Maud.
Maud is drained!
Maud is severely wounded.
The bolt of negative energy hits the wyvern.
The wyvern is drained!
You kill the wyvern!
Yredelemnul accepts your kill.
Evoking this partially-identified wand wasted a few charges.
All of the chunks of flesh in your inventory have rotted away.
You puncture Maud!
Maud looks even sicker.
Maud is almost dead.
Maud screams, "Submit or die!"
Maud hits you with an enchanted great sword!!
You die...
Your body rises from the dead as a mindless zombie.

........# #)))..# .#
...###### #####.# #
...############## #.#
.###............# #.#
####..Z########.# #.#
.....#.##### #.### #.#
...........####...###.##.#
####..####...##..........#
####..######....@@....####
#.........##<.#..######
#.#######.##......... #.#
#.###.#..#### #.#
#........# #.# #Z.......#
#.# #.######## #Z# #.#
#Z#######.#


You could see Maud.

Vanquished Creatures
  Erica (D:8)
  A hill giant (D:10)
  Maurice (D:8)
  A centaur skeleton (D:11)
  2 trolls
  A merfolk (D:9)
  3 hippogriffs
  A deep elf mage (D:9)
  2 wyverns (D:11)
  A water moccasin (D:8)
  3 black bears
  2 sky beasts (D:8)
  6 necrophages
  2 orc warriors (D:11)
  2 phantoms
  4 centaurs
  4 ice beasts
  3 ogres
  A wasp (D:9)
  7 giant frogs
  A scorpion (D:7)
  4 wights
  5 crimson imps
  A wasp zombie (D:9)
  8 orc wizards
  4 giant frog zombies
  5 hounds
  7 orc priests
  A centaur zombie (D:10)
  2 jellies
  2 quasits
  An iguana (D:11)
  2 giant frog skeletons
  7 worker ants
  A hound zombie (D:7)
  A hound skeleton (D:6)
  A mummy (D:7)
  2 worker ant zombies
  22 adders
  11 gnolls
  2 shadow imps
  2 oozes (D:1)
  An adder zombie (D:9)
  3 worms
  2 giant geckos
  31 orcs
  8 ball pythons
  11 bats
  9 giant cockroaches
  10 hobgoblins
  17 jackals
  28 kobolds
  6 quokkas
  3 giant newts
  19 goblins
  An orc zombie (D:9)
  A quokka zombie (D:7)
  8 rats
298 creatures vanquished.

Vanquished Creatures (collateral kills)
  A deep elf mage (D:10)
  A shadow (D:11)
  3 hungry ghosts
  A necrophage (D:7)
  A centaur (D:11)
  A water moccasin zombie (D:7)
  A wight (D:6)
  A hound (D:10)
  A jelly (D:6)
  2 iguanas (D:8)
  A worker ant (D:11)
  2 orcs (D:6)
  A giant gecko zombie (D:7)
  A quokka zombie (D:7)
18 creatures vanquished.

Vanquished Creatures (others)
  A wyvern zombie (D:11)
  A troll zombie (D:11)
  A wight (D:11)
  A black bear zombie (D:11)
  A giant frog skeleton (D:6)
  3 worker ant zombies
  A gnoll zombie (D:6)
  2 jackal zombies (D:7)
  A kobold skeleton (D:5)
  8 orc zombies
20 creatures vanquished.

Grand Total: 336 creatures vanquished

Notes
Turn   | Place    | Note
--------------------------------------------------------------
     0 | D:1      | patrick the Halfling Warper began the quest for the Orb.
     0 | D:1      | Reached XP level 1. HP: 14/14 MP: 3/3
   221 | D:1      | Reached XP level 2. HP: 19/19 MP: 4/4
   673 | D:1      | Reached XP level 3. HP: 18/24 MP: 5/5
  1133 | D:2      | Reached XP level 4. HP: 21/29 MP: 6/6
  1180 | D:2      | Learned a level 2 spell: Blink
  1183 | D:2      | Learned a level 2 spell: Shroud of Golubria
  1607 | D:2      | Reached skill level 4 in Short Blades
  1807 | D:2      | Reached XP level 5. HP: 29/34 MP: 7/7
  2536 | D:3      | Found an opulent altar of Gozag.
  2568 | D:3      | Reached XP level 6. HP: 41/41 MP: 8/8
  3437 | D:3      | Reached skill level 1 in Stealth
  3607 | D:3      | Found an iron altar of Okawaru.
  3996 | D:4      | Found a staircase to the Ecumenical Temple.
  4003 | D:4      | Reached skill level 5 in Short Blades
  4003 | D:4      | Reached XP level 7. HP: 29/45 MP: 9/9
  4006 | Temple   | Entered the Ecumenical Temple
  4095 | Temple   | Became a worshipper of Yredelemnul the Dark
  4276 | D:4      | Gained mutation: You expend magic power (3 MP) to strengthen your wands. [potion of mutation]
  4325 | D:5      | Entered Level 5 of the Dungeon
  4810 | D:5      | Reached * piety under Yredelemnul
  4869 | D:5      | Learned a level 3 spell: Teleport Other
  5126 | D:5      | Reached skill level 6 in Short Blades
  5355 | D:5      | Reached XP level 8. HP: 52/52 MP: 10/10
  5425 | D:5      | Reached skill level 1 in Invocations
  5625 | D:6      | Found an ancient bone altar of Kikubaaqudgha.
  5888 | D:6      | Reached ** piety under Yredelemnul
  5994 | D:6      | Got a warped mace
  6071 | D:6      | Reached XP level 9. HP: 51/58 MP: 11/11
  6076 | D:6      | Reached skill level 7 in Short Blades
  6076 | D:6      | Reached skill level 5 in Dodging
  6305 | D:7      | Found a bloodstained altar of Trog.
  6340 | D:7      | Reached skill level 5 in Armour
  6387 | D:7      | Identified the +2 mace "Bingo" {flame, *Contam Str+6 Dex+7} (You found it on level 6 of the Dungeon)
  6654 | D:7      | Found a snail-covered altar of Cheibriados.
  6912 | D:7      | Found a shattered altar of Ashenzari.
  6912 | D:7      | Found a shadowy altar of Dithmenos.
  6953 | D:7      | Reached skill level 5 in Stealth
  7122 | D:7      | Reached skill level 8 in Short Blades
  7176 | D:7      | Reached skill level 5 in Fighting
  7272 | D:8      | Noticed Maurice
  7288 | D:8      | Killed Maurice
  7288 | D:8      | Reached XP level 10. HP: 22/66 MP: 1/13
  7751 | D:8      | Reached skill level 5 in Invocations
  7864 | D:8      | Noticed Erica
  7892 | D:8      | Killed Erica
  7892 | D:8      | Reached skill level 9 in Short Blades
  8258 | D:9      | Got a spiked leather armour
  8301 | D:9      | Identified the +0 leather armour of Nudgh {rPois rF+ Str+3} (You found it on level 9 of the Dungeon)
  8307 | D:9      | Found a staircase to the Orcish Mines.
  8404 | D:9      | Found a sacrificial altar of Ru.
  8477 | D:9      | Identified a scroll of acquirement
  8705 | D:9      | Reached *** piety under Yredelemnul
  9069 | D:10     | Entered Level 10 of the Dungeon
  9125 | D:10     | Reached XP level 11. HP: 34/72 MP: 14/14
  9376 | D:10     | Noticed a hill giant
  9386 | D:10     | Killed a hill giant
  9386 | D:10     | Reached skill level 1 in Shields
  9392 | D:10     | Found a flagged portal.
  9485 | D:10     | Found a staircase to the Lair.
 10571 | D:11     | Noticed Maud
 10597 | D:11     | Reached skill level 10 in Short Blades
 10605 | D:11     | Received a gift from Yredelemnul
 10628 | D:11     | Slain by Maud

Action                   |  1- 3 |  4- 6 |  7- 9 | 10-12 || total
-------------------------+-------+-------+-------+-------++-------
Melee: Short sword       |   103 |   252 |   372 |   262 ||   989
Throw: Tomahawk          |     1 |       |     1 |     1 ||     3
 Cast: Shroud of Golubri |       |     1 |     2 |       ||     3
Invok: Animate Remains   |       |       |    21 |    16 ||    37
       Animate Dead      |       |       |       |    15 ||    15
Evoke: Wand              |       |       |     4 |     5 ||     9
  Use: Potion            |     4 |       |    10 |     1 ||    15
       Scroll            |     1 |       |    14 |     7 ||    22
 Stab: Sleeping          |     1 |       |    13 |    23 ||    37
       Distracted        |       |     1 |     3 |     3 ||     7
  Eat: Chunk             |     1 |     9 |    12 |     6 ||    28
       Beef jerky        |       |       |       |     6 ||     6
